 Dungeon Crawl Stone Soup version 0.25-a0-697-g890751e744 (webtiles) character file.

Game seed: 17657098207505785622, levelgen mode: deterministic

231356 Mehrunes the Warrior (level 18, -4/151 HPs)
             Began as a Mummy Necromancer on Mar 31, 2020.
             Was an Initiate of Gozag.
             Slain by a large abomination (14 damage)
             ... in a wizard's laboratory on Apr 1, 2020.
             The game lasted 04:54:25 (57706 turns).

Mehrunes the Warrior (Mummy Necromancer)           Turns: 57706, Time: 04:54:25

Health: -4/151     AC: 41    Str: 21    XL:     18   Next: 35%
Magic:  0/29       EV:  9    Int: 17    God:    Gozag
Gold:   607        SH:  0    Dex: 17    Spells: 9/32 levels left

rFire    x . .     SeeInvis .   C - +7 pair of quick blades "Gyre" and "Gimble" {protect}
rCold    + . .     Gourm    .   (shield currently unavailable)
rNeg     + + +     Faith    .   L - +0 plate armour
rPois    ∞         Spirit   +   r - +2 helmet
rElec    .         Reflect  .   T - +1 cloak
rCorr    .         Harm     .   h - +1 pair of gloves {Str+3}
MR       ++...                  l - +2 pair of boots
Stlth    ..........             z - amulet "Vatzomink" {Spirit *Corrode rPois Dex+3 Slay+2}
HPRegen  0.35/turn              D - ring of Robustness {AC+8}
MPRegen  0.21/turn              d - ring "Seemis" {rPois rN+ Str+3 Slay+2}

@: gold aura, protection aura, constricted, deflect missiles
A: no food or potions, fire vulnerability, cold resistance 1, negative energy
resistance 3, torment resistance, unbreathing, in touch with death 1
}: 2/15 runes: decaying, serpentine
a: Potion Petition, Call Merchant, Bribe Branch, Renounce Religion


You were in a wizard's laboratory.
You worshipped Gozag.
Gozag was pleased with you.
You were not hungry.

You visited 6 branches of the dungeon, and saw 30 of its levels.
You also visited: Wizlab.

You collected 13210 gold pieces.
You spent 4688 gold pieces at shops.
You paid 7915 gold pieces to Gozag.

Inventory:

Hand Weapons
 w - the +5 rapier of the Dead {vorpal, +Inv rElec Str+2 Dex-2}
   (You bought it in a shop on level 10 of the Dungeon)

   It inflicts extra damage upon your enemies.
   It affects your strength (+2).
   It affects your dexterity (-2).
   It insulates you from electricity.
   It lets you turn invisible.
 C - the +7 pair of quick blades "Gyre" and "Gimble" (weapon) {protect}
   (You found it on level 7 of the Dungeon)

   It grants its wielder temporary protection when it strikes (+7 to AC).
 Y - the +3 mace of Cataclysm {freeze, Fragile rElec Str+6 Int-2}
   (You found it on level 4 of the Swamp)

   It has been specially enchanted to freeze those struck by it, causing extra
   injury to most foes and up to half again as much damage against particularly
   susceptible opponents.
   It can also slow down cold-blooded creatures.
   It affects your strength (+6).
   It affects your intelligence (-2).
   It insulates you from electricity.
   It will be destroyed if unequipped.
Missiles
 P - 2 throwing nets (quivered)
Armour
 h - a +1 pair of gloves of strength (worn)
 l - a +2 pair of boots (worn)
 r - a +2 helmet (worn)
 x - the -10 kite shield of Elleifixi {rF+ SInv}
   (You bought it in a shop on level 5 of the Lair of Beasts)

   It protects you from fire.
   It lets you see invisible.
 L - a +0 plate armour (worn)
 Q - +0 steam dragon scales
 T - a +1 cloak (worn)
 U - a +2 robe of magic resistance
Magical Staves
 b - an uncursed staff of death
 f - an uncursed staff of air
 E - an uncursed staff of energy
 Z - an uncursed staff of earth
Jewellery
 a - an uncursed amulet of regeneration
 c - a +6 ring of intelligence
 d - the ring "Seemis" (right hand) {rPois rN+ Str+3 Slay+2}
   (You acquired it on level 4 of the Snake Pit)

   [ring of strength]

   It affects your strength (+3).
   It affects your accuracy and damage with ranged weapons and melee attacks
   (+2).
   It protects you from poison.
   It protects you from negative energy.
 g - an uncursed ring of protection from fire
 m - an uncursed ring of ice
 p - an uncursed ring of wizardry
 t - an uncursed ring of stealth
 y - an uncursed ring of stealth
 z - the amulet "Vatzomink" (around neck) {Spirit *Corrode rPois Dex+3 Slay+2}
   (You bought it in a shop on level 1 of the Swamp)

   [amulet of guardian spirit]

   It causes incoming damage to be split between your health and magic.
   It affects your dexterity (+3).
   It affects your accuracy and damage with ranged weapons and melee attacks
   (+2).
   It protects you from poison.
   It may corrode you when you take damage.
 D - the ring of Robustness (left hand) {AC+8}
   (You bought it in a shop on level 5 of the Lair of Beasts)

   [ring of protection]

   It affects your AC (+8).
 H - an uncursed ring of magical power
 M - the ring "Esath" {rC+ rN+ MP+9 Dex+3}
   (You found it on level 10 of the Dungeon)

   [ring of protection from cold]

   It affects your dexterity (+3).
   It protects you from cold.
   It protects you from negative energy.
   It affects your magic capacity (+9).
 W - an uncursed ring of fire
 X - an uncursed ring of resist corrosion
Wands
 B - a wand of digging (13)
 F - a wand of flame (36)
 G - a wand of acid (11)
 N - a wand of polymorph (4)
 O - a wand of paralysis (18)
 R - a wand of iceblast (8)
 S - a wand of random effects (18)
Scrolls
 e - 9 scrolls of teleportation
 i - 6 scrolls of amnesia
 j - 4 scrolls of immolation
 k - 9 scrolls of remove curse
 n - 2 scrolls of fog
 o - a scroll of random uselessness
 q - 2 scrolls of vulnerability
 s - 8 scrolls of magic mapping
 u - 4 scrolls of summoning
 v - a scroll of blinking
 A - 3 scrolls of noise
 I - 6 scrolls of identify
 J - 3 scrolls of enchant weapon
 V - 3 scrolls of brand weapon


   Skills:
 - Level 16.2 Fighting
 + Level 9.6 Short Blades
 + Level 9.6 Armour
 - Level 9.2 Dodging
 - Level 1.5 Stealth
 - Level 7.9 Spellcasting
 - Level 3.1 Conjurations
 - Level 8.4 Charms
 - Level 7.2 Summonings
 - Level 9.7 Necromancy
 - Level 9.8 Air Magic
 + Level 9.5 Evocations


You had 9 spell levels left.
You knew the following spells:

 Your Spells              Type           Power        Failure   Level  Hunger
a - Pain                  Necr           ####         3%          1    N/A
b - Animate Skeleton      Necr           N/A          3%          1    N/A
c - Vampiric Draining     Necr           ######....   9%          3    N/A
d - Agony                 Necr           ######..     63%         5    N/A
e - Summon Lightning Spi  Summ/Air       #####...     43%         4    N/A
f - Deflect Missiles      Chrm/Air       #####.....   99%         6    N/A
g - Mephitic Cloud        Conj/Pois/Air  ###.....     63%         3    N/A

Your spell library contained the following spells:

 Spells                   Type           Power        Failure   Level  Hunger
 Animate Dead             Necr           N/A          30%         4    N/A
 Poisonous Vapours        Pois/Air       ###...       32%         2    N/A
 Magic Dart               Conj           ###.         41%         1    N/A
 Searing Ray              Conj           ###...       56%         2    N/A
 Sting                    Tmut/Pois      #...         86%         1    N/A
 Dazzling Flash           Conj/Hex       ##....       95%         3    N/A
 Ignite Poison            Fire/Tmut/Pois #.......     99%         3    N/A
 Silence                  Hex/Air        ###.......   99%         5    N/A
 Fulminant Prism          Conj/Hex       ##........   100%        4    N/A
 Iskenderun's Mystic Bla  Conj/Tloc      ##......     100%        4    N/A
 Olgreb's Toxic Radiance  Pois           #.......     100%        4    N/A
 Irradiate                Conj/Tmut      ##........   100%        5    N/A
 Conjure Ball Lightning   Conj/Air       ####......   100%        6    N/A
 Tornado                  Air            #####.....   100%        9    N/A
 Hydra Form               Tmut           Unusable     N/A         6    N/A
 Statue Form              Tmut/Erth      Unusable     N/A         6    N/A
 Dragon Form              Tmut           Unusable     N/A         7    N/A

Dungeon Overview and Level Annotations

Branches:
Dungeon (13/15)            Temple (0/1) D:7            Lair (6/6) D:10
  Swamp (4/4) Lair:2        Snake (4/4) Lair:2          Orc (2/2) D:11
    Elf (0/3) Orc:2        Vaults (1/5) D:13         WizLab (1/1)
  Slime: Lair:5-6

Altars:
Dithmenos
Fedhas
Gozag
Makhleb
Okawaru
Qazlal
Sif Muna
Trog
Vehumet
Wu Jian
Beogh

Shops:
D:10 }(?   Orc:1 %   Orc:2 [!*!   Lair:5 =[   Swamp:1 =   Snake:4 [

Portals:
Trove: D:10 (show slimy rune of Zot)

Annotations:
D:8 1 runed translucent door
Lair:6 exclusion: oklob plant


Innate Abilities, Weirdness & Mutations

You do not eat or drink.
Your flesh is vulnerable to fire.
You are immune to poison.
Your flesh is cold resistant. (rC+)
You are immune to negative energy. (rN+++)
You are immune to unholy pain and torment.
You can survive without breathing.
You are in touch with the powers of death.


Message History

As you read the scroll of summoning, it crumbles to dust.
Wisps of shadow whirl around you...
Cigotuvi's Monster hits you but does no damage.
Cigotuvi's Monster tramples you but does no damage.
Cigotuvi's Monster stings you but does no damage.
* * * LOW HITPOINT WARNING * * *
Cigotuvi's Monster constricts you!
Cigotuvi's Monster's grasp on you weakens, but your attempt to escape fails.
The large abomination hits you!
* * * LOW HITPOINT WARNING * * *
Cigotuvi's Monster hits you but does no damage.
Cigotuvi's Monster tramples you but does no damage.
Cigotuvi's Monster stings you.
* * * LOW HITPOINT WARNING * * *
x2 Cigotuvi's Monster constricts you!!
Cigotuvi's Monster's grasp on you weakens, but your attempt to escape fails.
Your large abomination hits the large abomination.
The large abomination hits you!
You die...
Your body crumbles into a pile of gold.

#∩# #### ###.####:.:
###'###...# #.....#....
.#...#u.... ........X.
.#...#..... #.......Hu
u#...#e.... #.........
##...###### #.......X.
###'####..# #X##
.#...##.§§§ #HX#
.#...#uu§§§ #X@# ####
o#...#uu.§§ #Xu####..##
p#...##u... #uu.##....#
###'####..# ##...'....#
.#...#.#### #...#..|.#
x#...#..### ##'#####.##
x#...#p....####...######
##...#e....#.........####
###'####..##...###......#


You could see Cigotuvi's Monster, 2 large abominations, 3 friendly ugly things
and 2 friendly large abominations.

Vanquished Creatures
  Vashnia (Snake:3)
  Nikola (Snake:4)
  Jorgrun (Swamp:3)
  Rupert (D:13)
  Frances (Snake:2)
  Gastronok (D:12)
  2 thorn hunters (Swamp:4)
  Kirke (Snake:4)
  9 nagarajas
  A vault warden (D:13)
  3 very ugly things
  Nessos (Lair:4)
  Josephine (D:13)
  A yaktaur captain (Vaults:1)
  27 hydras
  11 naga warriors
  6 catoblepae
  6 anacondas
  3 two-headed ogres
  A centaur warrior (D:13)
  A ghost crab (Swamp:1)
  16 alligators
  8 shambling mangroves
  11 death yaks
  7 orc high priests (Orc:2)
  A tengu warrior (D:13)
  6 shock serpents
  An iron golem (WizLab)
  12 naga sharpshooters
  2 sea snakes (Snake:3)
  A skeletal warrior (D:13)
  A salamander mystic (Snake:3)
  2 unseen horrors
  12 swamp dragons
  6 spriggan druids
  5 naga ritualists
  An orc knight (Vaults:1)
  A deep elf mage (D:12)
  A salamander (shapeshifter) (WizLab)
  4 orc sorcerers
  6 ugly things
  9 mana vipers
  3 manticores
  18 elephants
  8 salamanders
  A centaur zombie (D:13)
  10 naga magi
  3 guardian serpents
  2 vault sentinels
  38 black mambas
  Psyche (D:8)
  A torpor snail (Lair:5)
  17 spiny frogs
  6 komodo dragons
  Maggie (D:6)
  A rime drake (shapeshifter) (WizLab)
  5 rime drakes
  11 tyrant leeches
  6 trolls
  A polar bear (Lair:6)
  7 bog bodies
  19 hornets
  4 blink frogs (Swamp:4)
  19 dream sheep
  12 hippogriffs
  3 slime creatures
  Sigmund (D:3)
  12 spriggans
  3 wraiths (D:13)
  2 wyverns
  A hog (shapeshifter) (WizLab)
  34 yaks
  A basilisk (Lair:6)
  2 hungry ghosts
  Eustachio (D:6)
  19 vampire mosquitoes
  35 nagas
  8 wargs
  16 water moccasins
  10 swamp worms
  8 insubstantial wisps
  An acid dragon (D:13)
  18 porcupines
  2 ice beasts
  A black bear (D:8)
  17 orc warriors
  5 phantoms
  3 sky beasts
  10 swamp drakes
  3 necrophages
  A hornet zombie (D:8)
  14 ogres
  5 centaurs
  11 wolves
  14 crocodiles
  3 big kobolds
  Blork the orc (D:4)
  18 bullfrogs
  6 small abominations (WizLab)
  2 scorpions (D:12)
  10 killer bees
  19 wights
  3 electric eels
  7 howler monkeys
  5 crimson imps
  9 hounds
  38 orc priests
  2 bullfrog skeletons
  8 jellies
  2 centaur skeletons
  A gnoll shaman (D:7)
  4 iguanas
  17 orc wizards
  Ijyb (D:1)
  16 worker ants
  Terence (D:3)
  A killer bee zombie (D:9)
  A worker ant zombie (D:7)
  Robin (D:2)
  6 gnolls
  11 adders
  6 shadow imps
  4 oozes
  2 adder skeletons
  3 worms
  4 dart slugs
  5 leopard geckos
  90 orcs
  3 ball pythons
  8 bats
  12 giant cockroaches
  11 goblins
  11 hobgoblins
  24 jackals
  4 quokkas
  A frilled lizard (D:2)
  17 kobolds
  A leopard gecko skeleton (D:5)
  A quokka skeleton (D:6)
  7 rats
  A bush (Lair:5)
  3 butterflies (D:8)
  4 fungi
  3 plants
1066 creatures vanquished.

Vanquished Creatures (collateral kills)
  An ironheart preserver (D:13)
  A naga warrior (Snake:3)
  3 death yaks
  A naga sharpshooter (Snake:4)
  A spriggan druid (Swamp:3)
  A swamp dragon (Swamp:1)
  A salamander (Snake:3)
  An oklob plant (Swamp:1)
  An elephant (Lair:5)
  4 naga magi (Snake:4)
  A black mamba (Snake:1)
  A spiny frog (Swamp:3)
  A tyrant leech (Swamp:3)
  3 hornets (Swamp:3)
  Grinder (D:4)
  A dream sheep (Lair:5)
  5 spriggans (Swamp:3)
  7 yaks
  4 hogs (Snake:4)
  7 nagas
  2 porcupines (Lair:3)
  2 wolves (Lair:4)
  A bullfrog (Lair:3)
  A wight (D:13)
  A worm (D:3)
  2 orcs
  A jackal (D:2)
  A kobold (D:3)
  A rat (D:3)
  A fungus (Lair:5)
59 creatures vanquished.

Vanquished Creatures (others)
  A hornet (Swamp:2)
  A spriggan (Swamp:2)
  A human (Snake:4)
  An ice beast (D:13)
  A crocodile (Lair:2)
  An orc (Orc:2)
  14 fungi
  17 plants
37 creatures vanquished.

Grand Total: 1162 creatures vanquished

Notes
Turn   | Place    | Note
-------+----------+-------------------------------------------
     0 | D:1      | Mehrunes the Mummy Necromancer began the quest for the Orb.
     0 | D:1      | Reached XP level 1. HP: 13/13 MP: 4/4
     2 | D:1      | Learned a level 1 spell: Animate Skeleton
   299 | D:1      | Reached XP level 2. HP: 20/20 MP: 0/6
   514 | D:1      | Reached skill level 1 in Fighting
   925 | D:2      | Noticed Robin
  1045 | D:2      | Reached XP level 3. HP: 16/26 MP: 0/7
  1188 | D:2      | Learned a level 3 spell: Vampiric Draining
  1215 | D:2      | Found a burning altar of Makhleb,
  1328 | D:2      | Reached XP level 4. HP: 31/33 MP: 3/9
  1432 | D:2      | Reached skill level 2 in Fighting
  1432 | D:2      | Reached skill level 1 in Short Blades
  2009 | D:2      | Killed Robin
  2600 | D:3      | Noticed an ogre
  2805 | D:2      | Reached XP level 5. HP: 28/39 MP: 4/11
  3161 | D:3      | Noticed Ijyb
  3234 | D:1      | Killed Ijyb
  3620 | D:2      | Reached skill level 3 in Fighting
  3683 | D:3      | Noticed Terence
  3696 | D:3      | Killed Terence
  3838 | D:3      | Noticed Sigmund
  4469 | D:2      | Killed an ogre
  4469 | D:2      | Reached skill level 5 in Spellcasting
  4469 | D:2      | Reached XP level 6. HP: 19/47 MP: 5/13
  4866 | D:4      | Learned a level 5 spell: Agony
  5283 | D:4      | Noticed Grinder
  5294 | D:4      | Paralysed by Grinder for 7 turns
  5319 | D:4      | Paralysed by Grinder for 4 turns
  5327 | D:4      | Paralysed by Grinder for 2 turns
  5490 | D:4      | Noticed Blork the orc
  5923 | D:4      | Paralysed by Grinder for 4 turns
  5931 | D:4      | Paralysed by Grinder for 7 turns
  6229 | D:4      | Killed Blork the orc
  6229 | D:4      | Reached skill level 5 in Necromancy
  6430 | D:4      | Found an iron altar of Okawaru,
  6673 | D:4      | Killed Grinder
  6673 | D:4      | Reached XP level 7. HP: 38/52 MP: 14/14
  6771 | D:4      | Found a faded altar of an unknown god,
  6771 | D:4      | Found an opulent altar of Gozag,
  6786 | D:4      | Found a faded altar of an unknown god,
  6791 | D:4      | Found a stormy altar of Qazlal,
  6793 | D:4      | Found a shimmering blue altar of Sif Muna,
  6811 | D:4      | Became a worshipper of Gozag Ym Sagoz the Greedy
  7074 | D:5      | Entered Level 5 of the Dungeon
  7208 | D:5      | Found a blossoming altar of Fedhas,
  7948 | D:5      | Reached skill level 4 in Fighting
  7948 | D:5      | Reached XP level 8. HP: 44/60 MP: 2/15
  9199 | D:6      | Reached skill level 5 in Fighting
  9880 | D:6      | Noticed Eustachio
  9893 | D:6      | Killed Eustachio
 10315 | D:6      | Reached XP level 9. HP: 55/68 MP: 13/17
 10385 | D:6      | Noticed Maggie
 10962 | D:7      | Reached skill level 1 in Armour
 11247 | D:7      | Found the +7 pair of quick blades "Gyre" and "Gimble"
                  | {protect}
 11285 | D:7      | Reached skill level 1 in Evocations
 11656 | D:7      | Found a staircase to the Ecumenical Temple,
 12554 | D:3      | Killed Sigmund
 12840 | D:6      | Reached skill level 5 in Short Blades
 13078 | D:8      | Reached XP level 10. HP: 73/74 MP: 19/19
 13556 | D:8      | Noticed Psyche
 13567 | D:8      | Killed Psyche
 14090 | D:8      | Found a runed translucent door,
 14092 | D:8      | Found a runed translucent door,
 14807 | D:9      | Noticed a brown ugly thing
 14840 | D:9      | Killed a brown ugly thing
 15168 | D:9      | Reached skill level 5 in Armour
 15646 | D:9      | Learned a level 4 spell: Summon Lightning Spire
 15683 | D:10     | Entered Level 10 of the Dungeon
 15849 | D:10     | Found a staircase to the Lair,
 15861 | D:10     | Reached skill level 1 in Summonings
 15861 | D:10     | Reached skill level 1 in Air Magic
 16164 | D:10     | Reached XP level 11. HP: 80/80 MP: 20/20
 16313 | D:10     | Found a bloodstained altar of Trog,
 16343 | D:10     | Found Ryrghes's Weapon Boutique,
 16372 | D:10     | Killed an unseen horror
 16510 | D:10     | Found Zyplemurch's Magic Scroll Boutique,
 16517 | D:10     | Bought a scroll of blinking for 97 gold pieces
 16541 | D:10     | Found a portal to a secret trove of treasure,
 16654 | D:10     | Found Wiopyg's Gadget Emporium,
 16863 | D:10     | Got a bound brass ring
 16864 | D:10     | Identified the ring "Esath" {rC+ rN+ MP+9 Dex+3} (You found
                  | it on level 10 of the Dungeon)
 17213 | D:11     | Killed an unseen horror
 17410 | D:11     | Found a staircase to the Orcish Mines,
 18325 | Lair:1   | Entered Level 1 of the Lair of Beasts
 18560 | Lair:1   | Reached skill level 6 in Fighting
 18738 | Lair:1   | Found an ornate altar of the Wu Jian Council,
 18881 | Lair:1   | Reached skill level 5 in Summonings
 18881 | Lair:1   | Reached skill level 5 in Air Magic
 19946 | Lair:2   | Reached XP level 12. HP: 67/89 MP: 21/21
 20021 | Lair:2   | Reached skill level 7 in Fighting
 20125 | Lair:2   | Noticed a catoblepas
 20298 | Lair:2   | You fall into a shaft and drop 2 floors!
 20330 | Lair:4   | Noticed Nessos
 20354 | Lair:4   | Killed Nessos
 21121 | Lair:3   | Reached skill level 8 in Fighting
 21667 | Lair:2   | Noticed a catoblepas
 21685 | Lair:2   | Killed a catoblepas
 21848 | Lair:2   | Killed a catoblepas
 22430 | Lair:2   | Found a staircase to the Swamp,
 22752 | Lair:2   | Found a staircase to the Snake Pit,
 24501 | Lair:3   | Noticed a death yak
 24523 | Lair:3   | Killed a death yak
 24523 | Lair:3   | Reached skill level 9 in Fighting
 24850 | Lair:4   | Got a faintly humming scale mail
 24861 | Lair:4   | Identified the cursed +1 scale mail "Fycewio" {-Cast rPois
                  | Regen+ Str-5} (You found it on level 4 of the Lair of
                  | Beasts)
 25213 | Lair:4   | Noticed a death yak
 25216 | Lair:4   | Noticed a death yak
 25216 | Lair:4   | Noticed a death yak
 25217 | Lair:4   | Noticed a death yak
 25217 | Lair:4   | Noticed a death yak
 25219 | Lair:4   | Noticed a death yak
 25230 | Lair:4   | Killed a death yak
 25238 | Lair:4   | Killed a death yak
 25238 | Lair:4   | Gained mutation: You are in touch with the powers of death.
                  | [Mummy growth]
 25238 | Lair:4   | Reached XP level 13. HP: 85/102 MP: 22/22
 25293 | Lair:4   | Reached skill level 10 in Fighting
 28257 | Lair:6   | Entered Level 6 of the Lair of Beasts
 28449 | Lair:5   | Reached skill level 11 in Fighting
 28794 | Lair:5   | Bought the ring of Robustness {AC+8} for 1792 gold pieces
 28794 | Lair:5   | Found the ring of Robustness {AC+8}
 29009 | Lair:6   | Reached skill level 12 in Fighting
 29445 | Lair:6   | Reached skill level 5 in Dodging
 29550 | Lair:6   | Reached XP level 14. HP: 108/116 MP: 23/23
 29574 | Lair:6   | Reached skill level 13 in Fighting
 32338 | D:6      | Paralysed by Maggie for 2 turns
 32351 | D:6      | Killed Maggie
 32803 | D:6      | Learned a level 6 spell: Deflect Missiles
 33435 | D:12     | Reached skill level 1 in Charms
 33973 | D:12     | Noticed Gastronok
 34001 | D:12     | Killed Gastronok
 34131 | D:13     | Noticed Josephine
 34151 | D:13     | Killed Josephine
 34372 | D:13     | Noticed an ironheart preserver
 34374 | D:13     | Found a gate to the Vaults,
 34427 | D:13     | Noticed Rupert
 34428 | D:13     | Killed an ironheart preserver
 35505 | Orc:1    | Entered Level 1 of the Orcish Mines
 35945 | Orc:1    | Reached XP level 15. HP: 125/125 MP: 24/24
 36037 | Orc:1    | Found Wefui's Food Shoppe,
 36328 | Orc:2    | Entered Level 2 of the Orcish Mines
 36433 | Orc:2    | Reached skill level 5 in Charms
 36821 | Orc:2    | Found a roughly hewn altar of Beogh,
 37089 | Orc:2    | Found Juthroj's Distillery,
 37089 | Orc:2    | Found Comikk's Assorted Antiques,
 37123 | Orc:2    | Found a roughly hewn altar of Beogh,
 37330 | Orc:2    | Found Titz's Distillery,
 37330 | Orc:2    | Found Tavaig's Antique Armour Shop,
 37337 | Orc:2    | Bought an encrusted scale mail for 171 gold pieces
 37348 | Orc:2    | Identified the cursed +0 scale mail of Ashenzari's Envy
                  | {*Drain rN+++ Dex+5} (You bought it in a shop on level 2 of
                  | the Orcish Mines)
 37491 | Orc:2    | Found a staircase to the Elven Halls,
 37999 | Swamp:1  | Entered Level 1 of the Swamp
 40048 | Swamp:1  | Bought the amulet "Vatzomink" {Spirit *Corrode rPois Dex+3
                  | Slay+2} for 804 gold pieces
 40356 | Swamp:2  | Found the +6 lightning scales {run, rElec}
 42213 | Swamp:3  | Noticed Jorgrun
 42219 | Swamp:3  | Reached XP level 16. HP: 107/132 MP: 16/25
 42249 | Swamp:3  | Killed Jorgrun
 42249 | Swamp:3  | Reached skill level 14 in Fighting
 42565 | Swamp:3  | Found a shadowy altar of Dithmenos,
 43487 | Swamp:3  | Learned a level 3 spell: Mephitic Cloud
 44055 | Swamp:4  | Entered Level 4 of the Swamp
 44055 | Swamp:4  | Noticed a thorn hunter
 44068 | Swamp:4  | Killed a thorn hunter
 44713 | Swamp:4  | Noticed a thorn hunter
 44767 | Swamp:1  | Bought an uncursed ring of fire for 400 gold pieces
 44767 | Swamp:1  | Bought an uncursed ring of resist corrosion for 320 gold
                  | pieces
 44840 | Swamp:4  | Got a blackened mace
 45348 | Swamp:3  | Identified the +3 mace of Cataclysm {freeze, Fragile rElec
                  | Str+6 Int-2} (You found it on level 4 of the Swamp)
 46286 | Swamp:4  | Killed a thorn hunter
 46286 | Swamp:4  | Reached skill level 5 in Evocations
 47052 | Swamp:4  | Got a decaying rune of Zot
 47365 | Snake:1  | Entered Level 1 of the Snake Pit
 48750 | Snake:1  | Reached skill level 15 in Fighting
 48947 | Snake:1  | Reached XP level 17. HP: 138/142 MP: 26/26
 49330 | Snake:2  | Noticed Frances
 49349 | Snake:2  | Killed Frances
 50211 | Snake:3  | Noticed Vashnia
 50560 | Snake:3  | Killed Vashnia
 51884 | Snake:4  | Entered Level 4 of the Snake Pit
 52341 | Snake:4  | Identified the cursed +0 pair of gloves of Intuition
                  | {*Drain rC+++ Str-2 Dex+3}
 52341 | Snake:4  | Noticed Nikola
 52553 | Snake:3  | Upgraded the game from 0.25-a0-696-g42a9e46d90 to
                  | 0.25-a0-697-g890751e744
 52645 | Snake:4  | Noticed Kirke
 52676 | Snake:4  | Killed Kirke
 53229 | Snake:4  | Bought a +1 pair of gloves of strength for 181 gold pieces
 53448 | Snake:4  | Reached skill level 16 in Fighting
 53608 | Snake:4  | Killed Nikola
 54445 | Snake:4  | Reached skill level 1 in Conjurations
 54626 | Snake:4  | Identified a scroll of acquirement
 54627 | Snake:4  | Identified the ring "Seemis" {rPois rN+ Str+3 Slay+2} (You
                  | acquired it on level 4 of the Snake Pit)
 54710 | Snake:4  | Reached XP level 18. HP: 127/151 MP: 21/28
 55334 | Snake:4  | Got a serpentine rune of Zot
 55844 | D:10     | Bought the +5 rapier of the Dead {vorpal, +Inv rElec Str+2
                  | Dex-2} for 572 gold pieces
 55980 | Lair:5   | Bought a spiked kite shield for 351 gold pieces
 55980 | Lair:5   | Identified the -10 kite shield of Elleifixi {rF+ SInv} (You
                  | bought it in a shop on level 5 of the Lair of Beasts)
 56640 | D:13     | Killed Rupert
 56704 | D:13     | Found a radiant altar of Vehumet,
 56791 | Vaults:1 | Entered Level 1 of the Vaults
 57321 | Vaults:1 | Found a magical portal,
 57706 | WizLab   | Slain by a large abomination

Levels and vault maps discovered:
D:1:      kennysheep_arrival_forest, layout_loops_ring
D:2:      layout_loops_ring, makhleb_blood_cavern_becter, grunt_decor_cap,
          minmay_fountain_box, chequers_arboretum, uniq_robin
D:3:      layout_rooms, uniq_ijyb, uniq_sigmund, uniq_terence
D:4:      layout_loops_cross, chequers_temple_overflow_minitemple,
          okawaru_gym_becter, uniq_blork_the_orc, uniq_grinder
D:5:      layout_layer_cave, first_ration, fedhas_ov_isle_minmay
D:6:      minmay_general_purpose_star, layout_basic, uniq_maggie, uniq_eustachio
D:7:      layout_loops_ring, minmay_temple_entry_trees
D:8:      lemuel_insect_pit, layout_loops_corners, minmay_misc_feat_ornament,
          uniq_psyche
D:9:      layout_basic, the_bakery, kennysheep_generic_room_15
D:10:     layout_roguey, erik_lair_orcish_takeover, nicolae_trove_entry_crystal,
          basic_altar, serial_shops, kennysheep_mini_moat, shop_fountains,
          nicolae_shop_stone
D:11:     layout_gridville, orc_0_dummy, minmay_misc_feat_iff
D:12:     layout_small_grid, uniq_gastronok
D:13:     layout_rooms, skrybe_vaults_entry_preservation, basic_altar,
          nrook_guardian_serpent_ordinary, uniq_rupert, uniq_josephine
Lair:1:   wad_woods_stonehenge, layout_chaotic_city, beast_lair_carwin_2
Lair:2:   layout_layer_cave, swamp_mist_pool,
          minmay_snake_entry_guardpost_small, st_stairs_10, lemuel_old_faithful
Lair:3:   layout_layer_cave, serial_rivers, chequers_serial_rivers_room_b,
          chequers_serial_rivers_room_a, chequers_serial_rivers_micro_d,
          chequers_serial_rivers_marsh, chequers_serial_rivers_micro_c,
          beast_lair_carwin_1, infiniplex_staircase_pool
Lair:4:   layout_long_grid, lemuel_fruit_tree, uniq_nessos
Lair:5:   layout_small_grid, nzn_random_ring
Lair:6:   evilmike_catoblepas_cave, layout_regular_city,
          minmay_slime_entry_oklob_enclosed, ldierk_geyser, st_stairs_12
Swamp:1:  layout_basic_swamp, hangedman_swamp_ruin_wall, swamp_pool2,
          nicolae_swamp_oklob_treasure_island
Swamp:2:  layout_basic_swamp, serial_swamp_ruin, evilmike_swamp_ruin_wall,
          evilmike_swamp_ruin_rubble_1, evilmike_swamp_ruin_house_2
Swamp:3:  layout_falls_marsh, lemuel_altar_in_water, uniq_jorgrun
Swamp:4:  swamp, layout_basic_swamp
Snake:1:  layout_misc_corridors, special_room, grunt_megastairs_3,
          serial_bayou_shore_b
Snake:2:  layout_misc_corridors, uniq_frances
Snake:3:  layout_onion_interference, grunt_megastairs_2, serial_bayou_shore_b,
          serial_bayou_shore_a, uniq_vashnia
Snake:4:  minmay_snake_end_coiled, layout_cave_town, uniq_nikola, uniq_kirke
Orc:1:    layout_caves, serial_shops, shop
Orc:2:    st_orc_town, layout_caves, kennysheep_orc_chapel
Vaults:1: hangedman_vaults_variations, vaults_dpeg_doors,
          ontoclasm_vaults_ligature, ontoclasm_vaults_eye,
          vaults_standard_mumra_lines, vaults_room_fours,
          ontoclasm_vaults_bender, vaults_room_hallway, vaults_room_hallway,
          layout_vaults_omnigrid, infiniplex_enter_wizlab_spiral
WizLab:   wizlab_cigotuvi

Skill      XL: |  1  2  3  4  5  6  7  8  9 10 11 12 13 14 15 16 17 18 |
---------------+-------------------------------------------------------+-----
Spellcasting   | 3 4 5 6 7 |  7.9
Fighting       | 1 2 3 4 5 6 9 12 13 15 16 | 16.2
Short Blades   | 1 2 3 4 5 6 7 9 |  9.6
Necromancy     | 5 6 8 9 |  9.7
Dodging        | 2 4 5 7 8 9 |  9.2
Armour         | 3 5 6 7 9 |  9.6
Evocations     | 3 4 6 8 9 |  9.5
Summonings     | 1 5 7 |  7.2
Air Magic      | 1 5 7 9 |  9.8
Charms         | 4 8 |  8.4
Conjurations   | 1 3 |  3.1
Stealth        | |  1.5

Action                   |  1- 3 |  4- 6 |  7- 9 | 10-12 | 13-15 | 16-18 || total
-------------------------+-------+-------+-------+-------+-------+-------++-------
Melee: Dagger            |     6 |   207 |   310 |   101 |       |       ||   624
       Flail             |       |    33 |    26 |       |       |       ||    59
       Pair of quick bla |       |       |    31 |   842 |  1840 |  1532 ||  4245
       Staff             |       |       |       |     3 |     7 |       ||    10
       Rapier            |       |       |       |       |       |     8 ||     8
 Cast: Pain              |    42 |    69 |    19 |    20 |    31 |    17 ||   198
       Animate Skeleton  |     6 |    14 |     1 |       |       |       ||    21
       Vampiric Draining |       |    46 |    53 |    75 |   115 |    31 ||   320
       Summon Lightning  |       |       |       |     8 |    23 |    44 ||    75
       Agony             |       |       |       |       |    32 |    43 ||    75
       Deflect Missiles  |       |       |       |       |     3 |     9 ||    12
       Mephitic Cloud    |       |       |       |       |       |     5 ||     5
Invok: Potion Petition   |       |       |       |     2 |     3 |     5 ||    10
       Call Merchant     |       |       |       |       |     3 |     1 ||     4
Evoke: Wand              |       |       |       |     2 |    10 |    11 ||    23
  Use: Scroll            |       |     5 |    11 |     4 |     8 |    25 ||    53
 Stab: Sleeping          |     1 |     2 |     2 |     3 |    18 |     9 ||    35
       Distracted        |       |     1 |     1 |     3 |     8 |    13 ||    26
       Confused          |       |       |       |     2 |       |     9 ||    11
       Petrified         |       |       |       |       |     4 |       ||     4
       Invisible         |       |       |       |       |     3 |     1 ||     4
Armor: Robe              |     2 |    72 |       |       |    36 |       ||   110
       Leather armour    |       |    10 |    10 |       |       |       ||    20
       Ring mail         |       |       |    88 |   188 |       |       ||   276
       Scale mail        |       |       |    11 |    13 |   307 |       ||   331
       Steam dragon scal |       |       |       |       |   371 |   411 ||   782
       Plate armour      |       |       |       |       |       |    39 ||    39
Dodge: Dodged            |     7 |   225 |   186 |   304 |   782 |   786 ||  2290
       Deflected         |       |       |       |       |     9 |    45 ||    54

Table legend:
 A = Non-vault XP
 B = Vault XP
 C = Vault XP percentage of total XP
 D = Non-vault monster count
 E = Vault monster count
 F = Vault count percentage of total count
                 A         B        C        D         E       F
            +---------+---------+-------+---------+---------+-------
      Total |  207429 |  113461 |  35.4 |     831 |     283 |  25.4
            +---------+---------+-------+---------+---------+-------
        D:1 |      21 |      38 |  64.4 |      11 |       2 |  15.4
        D:2 |     288 |      76 |  20.9 |      35 |      12 |  25.5
        D:3 |     236 |     250 |  51.4 |      29 |       2 |   6.5
        D:4 |     137 |     307 |  69.1 |      18 |       2 |  10.0
        D:5 |     862 |       0 |   0.0 |      11 |       0 |   0.0
        D:6 |     841 |     713 |  45.9 |      15 |       6 |  28.6
        D:7 |    2034 |       0 |   0.0 |      35 |       0 |   0.0
        D:8 |    1044 |     655 |  38.6 |      21 |      12 |  36.4
        D:9 |    2226 |     234 |   9.5 |      22 |       3 |  12.0
       D:10 |    3352 |     617 |  15.5 |      42 |       7 |  14.3
       D:11 |    3239 |       0 |   0.0 |      35 |       0 |   0.0
       D:12 |    8229 |    2119 |  20.5 |      44 |       1 |   2.2
       D:13 |    4523 |   12058 |  72.7 |      24 |      19 |  44.2
     Lair:1 |    2734 |    2061 |  43.0 |      15 |      10 |  40.0
     Lair:2 |    4339 |     309 |   6.6 |      15 |       2 |  11.8
     Lair:3 |    2843 |    1644 |  36.6 |      17 |       8 |  32.0
     Lair:4 |   10009 |    1353 |  11.9 |      32 |       1 |   3.0
     Lair:5 |    6097 |    3483 |  36.4 |      28 |      11 |  28.2
     Lair:6 |   16358 |   11763 |  41.8 |      45 |      26 |  36.6
    Swamp:1 |   18512 |     264 |   1.4 |      39 |       1 |   2.5
    Swamp:2 |   15675 |       0 |   0.0 |      36 |       0 |   0.0
    Swamp:3 |   21886 |    4847 |  18.1 |      55 |       4 |   6.8
    Swamp:4 |   14283 |   13179 |  48.0 |      26 |      21 |  44.7
    Snake:1 |   13470 |    2516 |  15.7 |      26 |       2 |   7.1
    Snake:2 |   11549 |    2283 |  16.5 |      20 |       1 |   4.8
    Snake:3 |   16154 |    8656 |  34.9 |      32 |       7 |  17.9
    Snake:4 |   19967 |   27824 |  58.2 |      42 |      44 |  51.2
      Orc:1 |    3011 |       0 |   0.0 |      23 |       0 |   0.0
      Orc:2 |    1581 |    8973 |  85.0 |      32 |      64 |  66.7
   Vaults:1 |    1929 |     461 |  19.3 |       6 |       1 |  14.3
     WizLab |       0 |    6778 | 100.0 |       0 |      14 | 100.0
            +---------+---------+-------+---------+---------+-------
